 Dungeon Crawl Stone Soup version 0.31-a0-180-g519b7de00c (webtiles) character file.

Game seed: 7712000568564923456

2 rddays123 the Trooper (level 1, 0/20 HPs)
             Began as a Minotaur Fighter on June 20, 2023.
             Slain by a kobold
             ... wielding a +1 dagger of electrocution
              (17 damage)
             ... on level 1 of the Dungeon.
             The game lasted 00:00:10 (89 turns).

rddays123 the Trooper (Minotaur Fighter)              Turns: 89, Time: 00:00:11

Health: 0/20       AC:  7    Str: 20    XL:     1   Next: 33%
Magic:  0/0        EV:  9    Int:  5    God:
Gold:   24         SH:  4    Dex:  9    Spells: 0/0 levels left

rFire   . . .        a - +0 war axe
rCold   . . .        c - +0 buckler
rNeg    . . .        b - +0 scale mail
rPois   .            (helmet restricted)
rElec   .            (no cloak)
rCorr   .            (no gloves)
SInv    .            (no boots)
Will    .....        (no amulet) Stlth
                     (no ring)
HPRegen 0.23/turn    (no ring)
MPRegen 0.07/turn

%: no passive effects
@: no status effects
A: horns 2, retaliatory headbutt
a: no special abilities


You were on level 1 of the Dungeon.
You visited 1 branch of the dungeon, and saw 1 of its levels.

You collected 24 gold pieces.

Inventory:

Hand Weapons
 a - a +0 war axe (weapon)
Armour
 b - a +0 scale mail (worn)
 c - a +0 buckler (worn)
Potions
 d - a potion of might
 e - a potion of magic {unknown}


   Skills:
 + Level 3.7 Fighting
 + Level 2.5 Axes
 + Level 3.7 Armour
 + Level 3.7 Shields


You couldn't memorise any spells.
You didn't know any spells.
Your spell library was empty.

Dungeon Overview and Level Annotations

Branches:
Dungeon (1/15)

Altars:


Innate Abilities, Weirdness & Mutations

You have a pair of horns on your head.
You reflexively headbutt those who attack you in melee.


Message History

A quokka is nearby!
A quokka is nearby!
You completely miss the quokka. Your headbutt misses the quokka.
The quokka bites you. The quokka closely misses you. You furiously retaliate!
You headbutt the quokka. You hit the quokka.
The quokka is almost dead.
You block the quokka's attack.
You slash the quokka!
You kill the quokka!
No target in view!
No target in view!
HP restored.
Found 4 datura-tipped darts.
A bat comes into view.
A bat is nearby!
The bat closely misses you. You furiously retaliate!
You headbutt the bat. You hit the bat.
The bat is severely wounded.
The bat hits you but does no damage. The bat closely misses you.
You slash the bat!
You kill the bat!
No target in view!
No target in view!
Found a mace.
You now have 24 gold pieces (gained 13).
A kobold comes into view.
It is wielding a +1 dagger of electrocution.
The kobold shouts!
A kobold is nearby!
A kobold is nearby!
You hit the kobold but do no damage.
You headbutt the kobold, but do no damage.
You block the kobold's attack.
You closely miss the kobold. The kobold hits you but does no damage.
You barely miss the kobold. Your headbutt misses the kobold.
The kobold hits you with a +1 dagger of electrocution. x2
You hit the kobold but do no damage. Your headbutt misses the kobold.
The kobold hits you but does no damage.
You are electrocuted!
Ouch! That really hurt!
You die...

## .
########### #.
#.........#
#.###
#.#######.#
#.K)# #.# #.#
#@# #.# #.# #.#
#.# #.# #.# #.#
#.# #.# #.# #.#
#.# ##.# #.#
###.#######
...#
#.###..........
.#####
#...†.....(....
.....#
###.#.#.###....


You could see a kobold.

Vanquished Creatures
  A bat (D:1)
  A quokka (D:1)
2 creatures vanquished.

Notes
Turn   | Place    | Note
-------+----------+-------------------------------------------
     0 | D:1      | rddays123 the Minotaur Fighter began the quest for the Orb.
     0 | D:1      | Reached XP level 1. HP: 19/19 MP: 0/0
    89 | D:1      | Slain by a kobold

Illustrated notes

Levels and vault maps discovered:
D:1:      wander_arrival_lonely_grave, layout_loops_ring

Action                     || total
---------------------------++-------
  Melee: War axe           ||     9
         Headbutt          ||     1
 Armour: Scale mail        ||     3
  Dodge: Dodged            ||     3
  Block: Buckler           ||     2

Table legend: (Time is in decaauts)
 A = Elapsed time spent in this place.
 B = Non-inter-level travel time spent in this place.
 C = Inter-level travel time spent in this place.
 D = Time resting spent in this place.
 E = Time spent auto-exploring this place.
 F = Levels seen in this place.
 G = Mean time per level.
                   A        B        C        D        E       F      G
               +--------+--------+--------+--------+--------+-----+--------+
         Total |     92 |     92 |      0 |      0 |     71 |   1 |   92.0 |
       Dungeon |     92 |     92 |      0 |      0 |     71 |   1 |   92.0 |
               +--------+--------+--------+--------+--------+-----+--------+

Top non-repeatable levels by time:
     D:1: 92 daAuts
